 Dungeon Crawl Stone Soup version 0.30.1-3-gfc49f6343a (webtiles) character file.

Game seed: 4676842636099551378

3 croobank the Sneak (level 1, 0/16 HPs)
             Began as an Octopode Delver on July 18, 2023.
             Slain by a wight
             ... wielding a +0 short sword
              (7 damage)
             ... in an ossuary.
             The game lasted 00:03:13 (176 turns).

croobank the Sneak (Octopode Delver)                 Turns: 176, Time: 00:03:14

Health: 0/16       AC:  1    Str: 11    XL:     1   Next: 50%
Magic:  1/1        EV: 13    Int: 12    God:
Gold:   0          SH:  0    Dex: 13    Spells: 0/0 levels left

rFire   . . .        a - +0 short sword
rCold   . . .        (no shield)
rNeg    . . .        (helmet restricted)
rPois   .            (no amulet)
rElec   .            (no ring)
rCorr   .            (no ring)
SInv    .            (no ring)
Will    .....        (no ring)
Stlth   ++++         (no ring)
HPRegen 0.22/turn    (no ring)
MPRegen 0.07/turn    (no ring)
                     (no ring)

%: no passive effects
@: hasted, very quick
A: almost no armour, amphibious, 8 rings, camouflage 1, gelatinous body 1,
(nimble swimmer 1), tentacles
a: no special abilities


You were in an ossuary.
You visited 1 branch of the dungeon, and saw 2 of its levels.
You also visited: Ossuary.

Inventory:

Hand Weapons
 a - a +0 short sword (weapon)
Wands
 f - a wand of digging (7)
Scrolls
 b - a scroll of fog
 d - a scroll of fear
 g - a scroll of immolation {unknown}
Potions
 c - a potion of curing {unknown}
 h - 2 potions of attraction {unknown}


   Skills:
 + Level 3.0 Fighting
 + Level 2.0 Short Blades
 + Level 2.0 Dodging
 * Level 6.6 Stealth


You couldn't memorise any spells.
You didn't know any spells.
Your spell library was empty.

Dungeon Overview and Level Annotations

Branches:
Dungeon (6/15)            Ossuary (1/1)
 Temple: D:4-7

Altars:


Innate Abilities, Weirdness & Mutations

You cannot wear most types of armour.
You are amphibious.
You can wear up to eight rings at the same time.
Your skin changes colour to match your surroundings (Stealth+).
Your rubbery body absorbs attacks. (AC +1, EV +1)
((You are camouflaged when in or above water. (Stealth+)))
You have tentacles for arms and can constrict up to eight enemies at once.


Message History

A kobold zombie comes into view.
The kobold zombie hits you but does no damage.
There is an open door here.
You barely miss the kobold zombie. You grab the kobold zombie.
You constrict the kobold zombie, but do no damage.
The kobold zombie closely misses you.
You hit the kobold zombie. You squeeze the kobold zombie.
The kobold zombie is severely damaged.
You constrict the kobold zombie. The kobold zombie closely misses you.
You barely miss the kobold zombie.
The kobold zombie is almost destroyed.
You constrict the kobold zombie.
You destroy the kobold zombie!
There is an open door here.
As you open the door, it creaks loudly!
A ball python skeleton comes into view.
A wight opens the door.
You feel yourself speed up. The ball python skeleton misses you.
The ball python skeleton grabs you.
The ball python skeleton constricts you.
You escape the ball python skeleton's grasp.
There is an open door here.
You don't know any spells.
The wight barely misses you.
There is an open door here.
You barely miss the wight. You grab the wight. You constrict the wight.
The wight misses you.
You hit the wight. You squeeze the wight.
The wight is moderately damaged.
You constrict the wight, but do no damage.
You barely miss the wight.
The wight is moderately damaged.
You constrict the wight.
The wight hits you with a +0 short sword!
Ouch! That really hurt!
You hit the wight.
The wight is heavily damaged.
You constrict the wight, but do no damage.
The wight hits you with a +0 short sword!
You die...

#### ##...# ##.....
#######....##
#.#.##......# #
+#+#+#'#'#......##.##
.......z.'.......#..#
+#+#+#'#@#..........#
#.#.##........#
#######......##
##...### #...##
###..# ##.# ##.##
#.##


You could see a wight.

Vanquished Creatures
  An orc (D:6)
  2 kobold zombies (Ossuary)
3 creatures vanquished.

Notes
Turn   | Place    | Note
-------+----------+-------------------------------------------
     0 | D:5      | croobank the Octopode Delver began the quest for the Orb.
     0 | D:5      | Reached XP level 1. HP: 16/16 MP: 1/1
    27 | D:6      | Noticed an orc priest
    87 | D:6      | Found a sand-covered staircase.
   135 | Ossuary  | Entered an ossuary
   169 | Ossuary  | Noticed a wight
   176 | Ossuary  | Slain by a wight

Illustrated notes

Levels and vault maps discovered:
D:5:      layout_loops_corners, minmay_fractal_squares_gapless_5
D:6:      layout_loops_ring, nicolae_ossuary_entry_false_entrances
Ossuary:  ossuary_due_cavern

Action                     || total
---------------------------++-------
  Melee: Short sword       ||    14
         Tentacles         ||     5
         Constrict         ||     3
    Use: Scroll            ||     1
         Potion            ||     1
   Stab: Sleeping          ||     1
 Armour: Skin              ||     1
  Dodge: Dodged            ||     8
